 Dungeon Crawl Stone Soup version 0.23-a0-607-g760965b753 (webtiles) character file.

1505 D1HalberdGnoll the Destroyer (level 9, -4/45 HPs)
             Began as a Kobold Conjurer on Dec 20, 2018.
             Slain by Duvessa
             ... wielding a +6 rapier of protection
              (8 damage)
             ... on level 5 of the Dungeon.
             The game lasted 00:11:42 (6137 turns).

D1HalberdGnoll the Destroyer (Kobold Conjurer)      Turns: 6137, Time: 00:11:42

Health: -4/45      AC:  3    Str:  6    XL:     9   Next: 8%
Magic:  0/26       EV: 15    Int: 20    God:
Gold:   550        SH:  6    Dex: 16    Spells: 10/19 levels left

rFire    . . .     SeeInvis .   v - +1 dagger (venom)
rCold    . . .     Gourm    .   h - +0 buckler
rNeg     . . .     Faith    .   l - +0 robe
rPois    .         Spirit   +   s - +0 helmet
rElec    .         Reflect  .   (no cloak)
rCorr    .         Harm     .   (no gloves)
MR       .....                  (no boots)
Stlth    ++........             n - amulet of guardian spirit
HPRegen  0.15/turn              e - +2 ring of intelligence
MPRegen  0.20/turn              a - ring of magical power

@: about to teleport
A: small, carnivore
a: no special abilities


You were on level 5 of the Dungeon.
You were completely stuffed.

You visited 1 branch of the dungeon, and saw 5 of its levels.

You collected 550 gold pieces.

Inventory:

Hand Weapons
 v - a +1 dagger of venom (weapon)
Armour
 h - a +0 buckler (worn)
 l - a +0 robe (worn)
 s - a +0 helmet (worn)
 x - the cursed +1 ring mail "Forget-Me-Not" {rPois rCorr Str+8 Int-2, unknown}
   (You found it on level 5 of the Dungeon)

   It affects your strength (+8).
   It affects your intelligence (-2).
   It protects you from poison.
   It provides partial protection from all sources of acid and corrosion.
   It has a curse placed upon it.
Jewellery
 a - a ring of magical power (right hand)
 e - a +2 ring of intelligence (left hand)
 n - an amulet of guardian spirit (around neck)
Wands
 t - a wand of polymorph (10)
Scrolls
 b - 3 scrolls of remove curse {unknown}
 i - a scroll of enchant armour {unknown}
 j - a scroll of identify
 m - 5 scrolls of magic mapping
 p - a scroll of blinking {unknown}
 r - 3 scrolls of enchant weapon {unknown}
 u - a scroll of amnesia {unknown}
 w - a scroll of fear {unknown}
Potions
 d - a potion of invisibility {unknown}
 g - 3 potions of curing
 k - 2 potions of heal wounds {unknown}
 o - a potion of flight {unknown}
 q - a potion of ambrosia {unknown}
Comestibles
 c - 8 rations


   Skills:
 - Level 2.4 Dodging
 - Level 2.6 Stealth
 + Level 4.1 Shields
 + Level 5.7 Spellcasting
 * Level 8.7 Conjurations


You had 10 spell levels left.
You knew the following spells:

 Your Spells              Type           Power        Failure   Level  Hunger
a - Magic Dart            Conj           ####         1%          1    None
b - Searing Ray           Conj           #####.       1%          2    None
c - Dazzling Spray        Conj/Hex       ###...       6%          3    ##.....
d - Stone Arrow           Conj/Erth      ###...       6%          3    ##.....

Your spell library contained the following spells:

 Spells                   Type           Power        Failure   Level  Hunger
 Iskenderun's Mystic Bla  Conj           #####...     3%          4    ####...
 Beastly Appendage        Tmut           #.....       12%         1    None
 Confusing Touch          Hex            #.....       12%         1    None
 Sandblast                Erth           #.....       12%         1    None
 Passwall                 Tmut/Erth      #.......     19%         2    None
 Sticks to Snakes         Tmut           #.......     19%         2    None
 Force Lance              Conj/Tloc      ###.....     21%         4    ####...
 Fulminant Prism          Conj/Hex       ###.......   21%         4    ####...
 Confuse                  Hex            #.......     36%         3    ##.....
 Gell's Gravitas          Tloc           #.........   36%         3    ##.....
 Spider Form              Tmut/Pois      #.........   36%         3    ##.....
 Ice Form                 Ice/Tmut       #.......     77%         4    ####...
 Petrify                  Tmut/Erth      #.......     77%         4    ####...
 Blade Hands              Tmut           #.........   98%         5    #####..
 Lee's Rapid Deconstruct  Erth           #.........   98%         5    #####..
 Metabolic Englaciation   Hex/Ice        #.........   98%         5    #####..
 Yara's Violent Unravell  Hex/Tmut       #.........   98%         5    #####..


Dungeon Overview and Level Annotations

Branches:
Dungeon (5/15)
 Temple: D:4-7

Altars:
Cheibriados
Elyvilon
Nemelex Xobeh
Qazlal
Trog

Annotations:
D:4 3 runed doors, Howlingfantods's ghost, amateur MiFi
D:5 2 transporters, Dowan; Duvessa; SupremeSnack's ghost, amateur DsGl


Innate Abilities, Weirdness & Mutations

You are small and have problems with some larger weapons.
You are carnivorous and can eat meat at any time.


Message History

Press: ? - help, Shift-Dir - straight line The stone arrow hits Duvessa.
Duvessa is heavily wounded.
Duvessa hits you with a +6 rapier of protection.
Casting: Stone Arrow (safe; 6% risk of failure)
Confirm with . or Enter, or press ? or * to list all spells.
Aiming: Stone Arrow (safe; 6% risk of failure)
Press: ? - help, Shift-Dir - straight line The stone arrow hits Duvessa.
Duvessa is almost dead.
Duvessa hits you with a +6 rapier of protection!
* * * LOW HITPOINT WARNING * * *
As you read the scroll of teleportation, it crumbles to dust.
You feel strangely unstable. Duvessa barely misses you.
Duvessa hits you with a +6 rapier of protection!
* * * LOW HITPOINT WARNING * * *
Dowan mumbles some strange words.
Dowan blinks!
Duvessa hits you with a +6 rapier of protection!
You die...

#.......##........# ####
#.......##........##
#.......†..........#
##.....###........#####+#
##...## #........#.....#
#########......##.$.$.##
#......'......#...."..#
#......########.$...$.#####
#...)..'.)@e.O'§......#....
#......####'####..$..##.###
#......# ##....##...##..#
#......###......##.##..##
#########........###..##
#........#...##
#........#.### #........#†#
##...)..##.#


You could see Duvessa and an ogre.

Vanquished Creatures
  Grinder (D:3)
  Prince Ribbit (D:5)
  An ice beast (D:5)
  A necrophage (D:5)
  2 ogres
  A scorpion (D:5)
  A howler monkey (D:5)
  2 crimson imps (D:5)
  A centaur zombie (D:5)
  A bullfrog skeleton (D:5)
  2 orc priests
  4 orc wizards (D:4)
  An iguana (D:4)
  Natasha (thrice) (D:3)
  Terence (D:3)
  3 worker ants
  Robin (D:4)
  5 adders
  A shadow imp (D:5)
  2 oozes
  A worm (D:3)
  A dart slug (D:1)
  3 leopard geckos
  11 orcs
  5 giant cockroaches
  14 goblins
  12 hobgoblins
  12 jackals
  10 kobolds
  4 quokkas
  5 bats
  5 frilled lizards
  A jackal skeleton (D:5)
  5 rats
124 creatures vanquished.

Notes
Turn   | Place    | Note
-------+----------+-------------------------------------------
     0 | D:1      | D1HalberdGnoll the Kobold Conjurer began the quest for the
                  | Orb.
     0 | D:1      | Reached XP level 1. HP: 10/10 MP: 3/3
   332 | D:1      | Reached XP level 2. HP: 15/15 MP: 0/5
   709 | D:1      | Learned a level 2 spell: Searing Ray
   788 | D:1      | Reached XP level 3. HP: 19/19 MP: 3/6
  1316 | D:2      | Reached XP level 4. HP: 24/24 MP: 4/8
  1591 | D:2      | Reached skill level 1 in Shields
  1591 | D:2      | Reached skill level 5 in Conjurations
  2067 | D:2      | Reached XP level 5. HP: 28/28 MP: 9/9
  2746 | D:3      | Noticed Terence
  2776 | D:3      | Killed Terence
  2967 | D:3      | Found a sparkling altar of Nemelex Xobeh.
  3173 | D:3      | Noticed Natasha
  3178 | D:3      | Killed Natasha
  3183 | D:3      | Noticed Natasha
  3186 | D:3      | Killed Natasha
  3186 | D:3      | Reached XP level 6. HP: 26/32 MP: 9/11
  3412 | D:3      | Noticed Grinder
  3420 | D:3      | Killed Grinder
  3420 | D:3      | Reached skill level 6 in Conjurations
  3420 | D:3      | Reached XP level 7. HP: 29/36 MP: 9/13
  3628 | D:3      | Noticed Natasha
  3632 | D:3      | Killed Natasha
  3671 | D:3      | Found a stormy altar of Qazlal.
  3673 | D:3      | Found a snail-covered altar of Cheibriados.
  3673 | D:3      | Found a white marble altar of Elyvilon.
  3752 | D:4      | Found a bloodstained altar of Trog.
  3770 | D:4      | Noticed Howlingfantods's ghost (amateur MiFi)
  3778 | D:4      | Found a runed gate.
  3778 | D:4      | Found a runed gate.
  3808 | D:4      | Found a runed gate.
  4189 | D:4      | Noticed Robin
  4201 | D:4      | Killed Robin
  4353 | D:4      | Learned a level 3 spell: Dazzling Spray
  4359 | D:4      | Reached skill level 7 in Conjurations
  4489 | D:4      | Reached XP level 8. HP: 36/41 MP: 7/14
  4692 | D:4      | Learned a level 3 spell: Stone Arrow
  5008 | D:5      | Entered Level 5 of the Dungeon
  5017 | D:5      | Noticed Prince Ribbit
  5024 | D:5      | Killed Prince Ribbit
  5024 | D:5      | Reached skill level 5 in Spellcasting
  5143 | D:5      | Identified the +12 great mace "Rijio" {drain, +Rage rElec
                  | Str+6 Int-4}
  5144 | D:5      | Found a transporter.
  5146 | D:5      | Noticed SupremeSnack's ghost (amateur DsGl)
  5147 | D:5      | Found a transporter.
  5183 | D:5      | Found a white marble altar of Elyvilon.
  5390 | D:5      | Got a steaming ring mail
  5455 | D:5      | Reached skill level 8 in Conjurations
  5866 | D:5      | Reached XP level 9. HP: 41/45 MP: 13/17
  6121 | D:5      | Noticed Duvessa
  6121 | D:5      | Noticed Dowan
  6137 | D:5      | Slain by Duvessa

Vault maps used:
D:1:      wheals_arrival_shading
D:2:      minmay_box_of_dots
D:3:      nemelex_xobeh_ov_fountains_minmay, grunt_temple_overflow_diamond,
          uniq_natasha, uniq_grinder, uniq_terence
D:4:      lemuel_round_altar, gammafunk_ghost_split, first_ration, minivault_26,
          uniq_robin
D:5:      minmay_polygon_palace, gammafunk_ghost_smash, grunt_decor_cap,
          grunt_decor_clamped, elyvilon_altar_3, uniq_duvessa,
          uniq_prince_ribbit1

Skill      XL: |  1  2  3  4  5  6  7  8 |
---------------+-------------------------+-----
Shields        | 1 2 3 4 |  4.1
Spellcasting   | 3 4 5 |  5.7
Conjurations   | 5 6 7 8 |  8.7
Dodging        | |  2.4
Stealth        | |  2.6

Action                   |  1- 3 |  4- 6 |  7- 9 || total
-------------------------+-------+-------+-------++-------
Melee: Mace              |    23 |       |       ||    23
       Whip              |    13 |     1 |       ||    14
       Short sword       |       |    15 |    12 ||    27
       Dagger            |       |       |     2 ||     2
 Cast: Magic Dart        |    55 |    70 |    50 ||   175
       Searing Ray       |     1 |    14 |    24 ||    39
       Dazzling Spray    |       |       |     5 ||     5
       Stone Arrow       |       |       |    14 ||    14
  Use: Scroll            |     2 |     1 |     3 ||     6
  Eat: Chunk             |     9 |     7 |    10 ||    26
Armor: Robe              |     9 |     2 |     8 ||    19
Dodge: Dodged            |    48 |    18 |    36 ||   102
Block: Buckler           |     3 |     5 |    15 ||    23

Table legend:
 A = Non-vault XP
 B = Vault XP
 C = Vault XP percentage of total XP
 D = Non-vault monster count
 E = Vault monster count
 F = Vault count percentage of total count
                 A         B        C        D         E       F
            +---------+---------+-------+---------+---------+-------
      Total |     853 |    1297 |  60.3 |      96 |      28 |  22.6
            +---------+---------+-------+---------+---------+-------
        D:1 |      59 |       0 |   0.0 |      29 |       0 |   0.0
        D:2 |      65 |      15 |  18.8 |      15 |       2 |  11.8
        D:3 |     167 |     353 |  67.9 |      24 |       3 |  11.1
        D:4 |     449 |      34 |   7.0 |      23 |      11 |  32.4
        D:5 |     113 |     895 |  88.8 |       5 |      12 |  70.6
            +---------+---------+-------+---------+---------+-------
